 Dungeon Crawl Stone Soup version 0.28-a0-1396-gdcb3f3653b (webtiles) character file.

Game seed: 1904223611042662867

4097 Deminshera the Destroyer (level 10, -2/59 HPs)
             Began as a Tengu Conjurer on Jan 5, 2022.
             Slain by a hellwing (7 damage)
             ... summoned by a kobold demonologist
             ... on level 7 of the Dungeon.
             The game lasted 00:24:20 (14359 turns).

Deminshera the Destroyer (Tengu Conjurer)          Turns: 14359, Time: 00:24:21

Health: -2/59      AC:  5    Str:  8      XL:     10   Next: 26%
Magic:  1/20       EV: 13    Int: 22      God:
Gold:   278        SH:  0    Dex: 11 (13) Spells: 5/21 levels left

rFire   . . .      SeeInvis .   b - +2 spear (protect)
rCold   . . .      Faith    .   (no shield)
rNeg    . . .      Spirit   .   v - +0 troll leather armour {Pargi}
rPois   .          Reflect  .   (helmet restricted)
rElec   .          Harm     .   k - +0 cloak
rCorr   .          Rampage  .   (no gloves)
Will    .....                   (boots unavailable)
Stlth   ++........              (no amulet)
HPRegen 0.99/turn               (no ring)
MPRegen 0.17/turn               (no ring)

@: flying quickly and evasively, very slightly contaminated, slowed, very slow
A: beak, talons 3, nimble flight
a: no special abilities


You were on level 7 of the Dungeon.
You visited 1 branch of the dungeon, and saw 7 of its levels.

You collected 278 gold pieces.

Inventory:

Hand Weapons
 b - a +2 spear of protection (weapon)
 d - a +2 dagger of holy wrath
 j - the +3 mace of Xampub {elec, Will- Dex+9}
   (You found it on level 2 of the Dungeon)

   It occasionally discharges a powerful burst of electricity upon striking a
   foe.
   Dex:       It affects your dexterity (+9).
   Will:      It decreases your willpower.
 l - the +7 mace "Pioceisi" {vorpal, *Corrode Str+7}
   (You found it on level 2 of the Dungeon)

   It inflicts extra damage upon your enemies.
   Str:       It affects your strength (+7).
   *Corrode:  It may corrode you when you take damage.
Missiles
 w - 2 throwing nets
Armour
 a - a +0 robe
 k - a +0 cloak (worn)
 v - a +0 troll leather armour (worn) {Pargi}
 B - a +0 robe of willpower
Jewellery
 y - a ring of protection from fire
 A - a ring of positive energy
Wands
 s - a wand of flame (15)
Scrolls
 c - a scroll of holy word
 g - 3 scrolls of enchant weapon
 h - 5 scrolls of teleportation {unknown}
 i - a scroll of vulnerability
 m - 3 scrolls of magic mapping
 o - 3 scrolls of enchant armour {unknown}
 q - a scroll of identify
 t - a scroll of amnesia
 C - 3 scrolls of noise {unknown}
Potions
 e - a potion of flight {unknown}
 f - a potion of brilliance
 n - a potion of cancellation
 p - a potion of attraction {unknown}
 u - 4 potions of curing
 x - 2 potions of ambrosia
 z - a potion of might {unknown}


   Skills:
 - Level 5.0 Fighting
 - Level 2.0 Armour
 - Level 2.1 Dodging
 - Level 2.0 Stealth
 - Level 6.0 Spellcasting
 + Level 10.4 Conjurations
 - Level 5.0 Hexes
 - Level 3.0 Transmutations
 + Level 2.4 Fire Magic
 - Level 4.0 Air Magic
 - Level 4.0 Poison Magic


You had 5 spell levels left.
You knew the following spells:

 Your Spells              Type           Power      Damage    Failure   Level
a - Magic Dart            Conj           100%       1d8       1%          1
b - Searing Ray           Conj           100%       2d8       1%          2
c - Mephitic Cloud        Conj/Pois/Air  33%        N/A       3%          3
d - Ignite Poison         Fire/Tmut/Pois 20%        N/A       11%         3
e - Inner Flame           Hex/Fire       22%        N/A       9%          3
f - Fulminant Prism       Conj/Hex       20%        3d13      5%          4

Your spell library contained the following spells:

 Spells                   Type           Power      Damage    Failure   Level
 Dazzling Flash           Conj/Hex       80%        N/A       1%          3
 Cause Fear               Hex            14%        N/A       16%         4
 Iskenderun's Mystic Bla  Conj/Tloc      29%        2d7       16%         4
 Call Imp                 Summ           6%         N/A       19%         2
 Freezing Cloud           Conj/Ice/Air   13%        6-21      45%         5
 Silence                  Hex/Air        13%        N/A       50%         5
 Passage of Golubria      Tloc           6%         N/A       77%         4
 Discord                  Hex            14%        N/A       100%        8
 Lehudib's Crystal Spear  Conj/Erth      14%        10d5      100%        8


Dungeon Overview and Level Annotations

Branches:
Dungeon (7/15)
 Temple: D:4-7

Altars:
Wu Jian

Shops:
D:3 (   D:5 (   D:7 ??**

Annotations:
D:7 thefreepie's ghost, novice MiBe


Innate Abilities, Weirdness & Mutations

You have a beak for a mouth.
You have claws for feet.
Your magical nature lets you fly swiftly and evasively.


Message History

Confirm with . or Enter, or press ? or * to list all spells.
Aiming: Mephitic Cloud (dangerous; 3% risk of failure)
Press: ? - help, Shift-Dir - straight line, p - kobold brigand The ball explodes into a vile cloud!
The stinking cloud engulfs the kobold demonologist but does no damage.
The stinking cloud engulfs the kobold brigand but does no damage. x2
You feel sick.
The kobold brigand is engulfed in noxious fumes.
The kobold brigand appears confused.
The kobold brigand is engulfed in noxious fumes.
The kobold brigand appears confused.
The hellwing swoops through the air toward you!
The hellwing misses you. The hellwing hits you.
The kobold brigand is engulfed in noxious fumes.
The kobold brigand hits you but does no damage.
Casting: Mephitic Cloud (dangerous; 3% risk of failure)
Confirm with . or Enter, or press ? or * to list all spells.
You ignite the poison in your surroundings!
You feel sick.
You are no longer poisoned.
The kobold brigand is engulfed in blazing flames.
The hellwing hits you.
* * * LOW HITPOINT WARNING * * *
The hellwing hits you but does no damage.
Thefreepie's ghost is engulfed in blazing flames.
The kobold brigand is engulfed in blazing flames. x2
The kobold brigand hits the kobold brigand with a +0 dagger of distortion!
The kobold brigand is devoured by a tear in reality.
The hellwing barely misses you. The hellwing hits you!
* * * LOW HITPOINT WARNING * * *
Unknown command.
You feel much better.
The kobold brigand is engulfed in blazing flames.
You kill the kobold brigand!
Thefreepie's ghost hits you! Space warps horribly around you!!
* * * LOW HITPOINT WARNING * * *
The kobold brigand is engulfed in blazing flames.
You kill the kobold brigand!
The hellwing hits you!
You die...

### ### #### #.## #.##
####..#####..####..## ##
#.....#.#......#....# ##.
#...........#..#....#
#..###.#....#####.......#
#...#..#...## #.....#.##
##.........## #.4...###
###.........# ##@#..##
.###.......## #○☼W###
.......(.....##°☼.#
.#...#.......KK○###
.#..####...###KK####
.#.## #......5K...# ....
....##'''##.# .#..
...##.....### .##.. ..
#..#.#..#


You could see a hellwing (summoned), a kobold demonologist, 3 kobold brigands,
an iron imp (summoned) and thefreepie's ghost.

Vanquished Creatures
  Grinder (D:4)
  A slime creature (D:6)
  A steam dragon (D:6)
  Menkaure (D:4)
  Edmund (D:4)
  2 water moccasins
  4 sky beasts
  An ice beast (D:4)
  An orc warrior (D:7)
  Pargi (D:4)
  2 necrophages
  2 ogres
  6 kobold brigands
  Blork the orc (D:4)
  A bullfrog (D:7)
  A wyvern zombie (D:7)
  6 scorpions
  2 water moccasin skeletons
  4 wights (D:6)
  3 bullfrog zombies
  A hound (D:4)
  Crazy Yiuf (D:2)
  5 orc priests
  5 jellies (D:6)
  2 bullfrog skeletons
  2 iguanas
  A scorpion zombie (D:3)
  6 orc wizards
  A killer bee zombie (D:5)
  3 hound skeletons
  4 gnolls (D:7)
  A howler monkey skeleton (D:4)
  5 adders
  2 shadow imps
  2 white imps (D:7)
  An ufetubus (D:6)
  An adder skeleton (D:4)
  3 dart slugs
  32 orcs
  10 endoplasms
  3 giant cockroaches
  3 goblins
  4 hobgoblins
  A jackal (D:3)
  3 quokkas
  7 ball pythons
  3 frilled lizards
  11 kobolds
  3 rats
168 creatures vanquished.

Vanquished Creatures (others)
  22 fulminant prisms
  5 fungi
  A plant (D:7)
  13 toadstools (D:6)
41 creatures vanquished.

Grand Total: 209 creatures vanquished

Notes
Turn   | Place    | Note
-------+----------+-------------------------------------------
     0 | D:1      | Deminshera the Tengu Conjurer began the quest for the Orb.
     0 | D:1      | Reached XP level 1. HP: 10/10 MP: 4/4
   600 | D:1      | Found a faded altar of an unknown god.
   605 | D:1      | Reached XP level 2. HP: 15/15 MP: 4/6
   974 | D:1      | Learned a level 2 spell: Searing Ray
  1415 | D:2      | Identified the +3 mace of Xampub {elec, Will- Dex+9}
  1416 | D:2      | Found a runed translucent door.
  1417 | D:2      | Noticed Crazy Yiuf
  1441 | D:2      | Killed Crazy Yiuf
  1442 | D:2      | Reached skill level 6 in Conjurations
  1442 | D:2      | Reached XP level 3. HP: 9/19 MP: 1/8
  1458 | D:2      | Identified the +7 mace "Pioceisi" {vorpal, *Corrode Str+7}
  1839 | D:2      | Reached XP level 4. HP: 24/24 MP: 0/9
  1918 | D:1      | Learned a level 4 spell: Fulminant Prism
  1937 | D:2      | Reached skill level 1 in Hexes
  2299 | D:2      | Gained mutation: Your magical nature lets you fly swiftly
                  | and evasively. [Tengu growth]
  2299 | D:2      | Reached XP level 5. HP: 28/28 MP: 8/10
  2677 | D:3      | Reached skill level 7 in Conjurations
  3399 | D:3      | Found an ornate altar of the Wu Jian Council.
  3880 | D:3      | Found Acholoog's Weapon Shop.
  3961 | D:3      | Reached XP level 6. HP: 6/32 MP: 6/11
  3969 | D:3      | Reached skill level 8 in Conjurations
  4721 | D:4      | Noticed Grinder
  4727 | D:4      | Paralysed by Grinder for 4 turns
  4741 | D:4      | Killed Grinder
  4742 | D:4      | Reached skill level 9 in Conjurations
  4742 | D:4      | Reached XP level 7. HP: 3/36 MP: 9/12
  5157 | D:4      | You are sucked into a shaft and drop 3 floors!
  5157 | D:7      | Noticed a steam dragon
  5454 | D:6      | Reached skill level 10 in Conjurations
  5476 | D:6      | Reached skill level 1 in Fighting
  6090 | D:6      | Reached XP level 8. HP: 22/46 MP: 4/13
  7160 | D:6      | Noticed a slime creature
  7352 | D:5      | Entered Level 5 of the Dungeon
  7430 | D:5      | Reached skill level 5 in Fighting
  8170 | D:4      | Noticed Blork the orc
  8181 | D:4      | Killed Blork the orc
  8400 | D:4      | Noticed Edmund
  8484 | D:4      | Killed Edmund
  8488 | D:4      | Noticed Pargi
  8581 | D:4      | Killed Pargi
  8582 | D:4      | Reached skill level 5 in Hexes
  8582 | D:4      | Reached skill level 1 in Armour
  8582 | D:4      | Reached XP level 9. HP: 51/54 MP: 3/14
  8870 | D:4      | Noticed Menkaure
  8876 | D:4      | Killed Menkaure
  9137 | D:4      | Learned a level 3 spell: Mephitic Cloud
  9141 | D:4      | Learned a level 3 spell: Ignite Poison
  9238 | D:5      | Found Byplue's Weapon Emporium.
  9490 | D:5      | Reached skill level 1 in Air Magic
  9494 | D:5      | Reached skill level 1 in Poison Magic
  9505 | D:5      | Reached skill level 1 in Transmutations
 11728 | D:6      | Reached skill level 5 in Spellcasting
 11887 | D:6      | Learned a level 3 spell: Inner Flame
 12489 | D:7      | Reached XP level 10. HP: 54/57 MP: 9/18
 12832 | D:7      | Found Kuahu's Assorted Antiques.
 12936 | D:7      | Reached skill level 1 in Fire Magic
 13753 | D:7      | Found Cytis's Assorted Antiques.
 14213 | D:7      | Found Vero Oph's Magic Scroll Shop.
 14214 | D:7      | Found Fulak's Magic Scroll Emporium.
 14332 | D:7      | Found a runed translucent gate.
 14334 | D:7      | Found a runed translucent gate.
 14335 | D:7      | Found a runed translucent gate.
 14335 | D:7      | Noticed thefreepie's ghost (novice MiBe)
 14335 | D:7      | Noticed a kobold demonologist
 14359 | D:7      | Slain by a hellwing

Illustrated notes

Levels and vault maps discovered:
D:1:      sevenhm_arrival_forest_fort_small_5, layout_basic,
          hellmonk_ecumenical_altar_blasted, serial_co_window_serial,
          co_window_paths_a, co_window_cross_1, co_window_cross_1,
          co_window_paths_a, co_window_paths_b, co_window_corner_a,
          co_window_broadway_b, co_window_cross_4, co_window_corner_cb,
          co_window_paths_d
D:2:      layout_basic, uniq_crazy_yiuf_cottage
D:3:      layout_basic, nicolae_wu_jian_wuxing_cycle, serial_shops,
          nicolae_shop_waterfront, chequers_serial_rivers_small_3,
          roderic_serpentine_path, minmay_misc_feat_plants,
          minmay_quadrilaterals
D:4:      layout_gridville, grunt_decor_mini_mirrors, uniq_edmund,
          uniq_menkaure, uniq_grinder, uniq_blork_the_orc, uniq_pargi
D:5:      layout_cave_pools, serial_shops, nicolae_shop_statue_plus,
          kennysheep_dice
D:6:      cheibrodos_fertilizer, layout_loops_ring
D:7:      layout_cave_pools, temple_green, serial_shops, shop_scrolls, shop,
          nicolae_diamond_shop, nicolae_take_the_stairs,
          gammafunk_ghost_nasty_kobolds, nicolae_concentric_dashed_squares_wild,
          kennysheep_opposing_triangles

Skill      XL: |  1  2  3  4  5  6  7  8  9 10 |
---------------+-------------------------------+-----
Conjurations   | 6 7 9 10 | 10.4
Spellcasting   | 3 5 6 |  6.0
Hexes          | 1 2 3 5 |  5.0
Fighting       | 3 5 |  5.0
Armour         | 1 2 |  2.0
Air Magic      | 4 |  4.0
Poison Magic   | 3 4 |  4.0
Transmutations | 3 |  3.0
Fire Magic     | 2 |  2.4
Dodging        | |  2.1
Stealth        | |  2.0

Action                   |  1- 3 |  4- 6 |  7- 9 | 10-12 || total
-------------------------+-------+-------+-------+-------++-------
Melee: Spear             |     2 |    25 |    11 |     9 ||    47
       Kick              |     1 |     6 |     2 |     2 ||    11
       Peck              |       |     2 |     2 |     1 ||     5
 Cast: Magic Dart        |    34 |    44 |    89 |    27 ||   194
       Searing Ray       |     2 |    11 |    60 |     7 ||    80
       Fulminant Prism   |       |     1 |    21 |       ||    22
       Inner Flame       |       |       |     4 |       ||     4
       Mephitic Cloud    |       |       |       |    10 ||    10
       Ignite Poison     |       |       |       |     8 ||     8
  Use: Potion            |       |     4 |       |     3 ||     7
       Scroll            |       |       |     9 |       ||     9
 Stab: Sleeping          |       |     1 |       |       ||     1
Armor: Robe              |     1 |     6 |    13 |       ||    20
       Troll leather arm |       |       |    32 |    12 ||    44
Dodge: Dodged            |     5 |    24 |   106 |    21 ||   156

Table legend: (Time is in decaauts)
 A = Elapsed time spent in this place.
 B = Non-inter-level travel time spent in this place.
 C = Inter-level travel time spent in this place.
 D = Time resting spent in this place.
 E = Time spent auto-exploring this place.
 F = Levels seen in this place.
 G = Mean time per level.
                   A        B        C        D        E       F      G
               +--------+--------+--------+--------+--------+-----+--------+
         Total |  13980 |  13742 |    238 |   7009 |   4928 |   7 | 1997.1 |
       Dungeon |  13980 |  13742 |    238 |   7009 |   4928 |   7 | 1997.1 |
               +--------+--------+--------+--------+--------+-----+--------+

Top non-repeatable levels by time:
     D:6: 3758 daAuts
     D:4: 2322 daAuts
     D:3: 2005 daAuts
     D:7: 1859 daAuts
     D:5: 1430 daAuts
     D:1: 1393 daAuts
     D:2: 1210 daAuts
